 Dungeon Crawl Stone Soup version 0.31-a0-40-g1d5085d191 (webtiles) character file.

Game seed: 4582907994292849055

79 CowFu the Poker (level 4, 0/33 HPs)
             Began as a Demonspawn Gladiator on May 17, 2023.
             Succumbed to an adder's poison
             ... in a sewer.
             The game lasted 00:03:03 (1652 turns).

CowFu the Poker (Demonspawn Gladiator)              Turns: 1652, Time: 00:03:03

Health: 0/33       AC: 10    Str: 17    XL:     4   Next: 16%
Magic:  4/4        EV: 12    Int: 12    God:
Gold:   81         SH:  0    Dex: 14    Spells: 3/3 levels left

rFire   . . .        j - +6 dagger of Checks and Balances {heavy, Int+3}
rCold   . . .        (no shield)
rNeg    . . .        b - +0 leather armour
rPois   .            f - +0 helmet
rElec   .            (no cloak)
rCorr   .            (no gloves)
SInv    .            (no boots)
Will    .....        (no amulet)
Stlth   +            (no ring)
HPRegen 0.25/turn    (no ring)
MPRegen 0.18/turn

%: no passive effects
@: lethally poisoned (0 -> -1), sanguine armoured
A: magic regeneration, sanguine armour 1, fangs 1
a: no special abilities


You were in a sewer.
You visited 1 branch of the dungeon, and saw 3 of its levels.
You also visited: Sewer.

You collected 81 gold pieces.

Inventory:

Hand Weapons
 a - a +0 trident
 j - the +6 dagger of Checks and Balances (weapon) {heavy, Int+3}
   (You found it on level 2 of the Dungeon)

   Int:       It affects your intelligence (+3).
Missiles
 d - 3 throwing nets (quivered)
 e - a javelin
Armour
 b - a +0 leather armour (worn)
 f - a +0 helmet (worn)
Scrolls
 i - 2 scrolls of identify {unknown}
 k - a scroll of enchant weapon {unknown}
 n - a scroll of immolation {unknown}
 o - a scroll of enchant armour {unknown}
 p - a scroll of noise {unknown}
 q - a scroll of fog {unknown}


   Skills:
 - Level 2.0 Fighting
 + Level 4.6 Polearms
 - Level 1.7 Throwing
 - Level 2.6 Dodging


You had 3 spell levels left.
You didn't know any spells.
Your spell library contained the following spells:

 Spells                   Type           Power      Damage    Failure   Level
 Ozocubu's Armour         Ice            0%         N/A       77%         3
 Portal Projectile        Hex/Tloc       0%         N/A       77%         3
 Tukima's Dance           Hex            0%         N/A       77%         3
 Blade Hands              Tmut           0%         N/A       100%        5
 Metabolic Englaciation   Hex/Ice        0%         N/A       100%        5
 Simulacrum               Ice/Necr       0%         N/A       100%        6


Dungeon Overview and Level Annotations

Branches:
Dungeon (3/15)              Sewer (1/1)

Altars:

Annotations:
Sewer Pargi


Innate Abilities, Weirdness & Mutations

You regenerate magic rapidly.
When seriously injured, your blood forms armour. (AC +6)
You have very sharp teeth.


Message History

You hit Pargi.
Pargi is moderately wounded.
The adder closely misses you. Pargi bites you. Pargi barely misses you.
Pargi claws you but does no damage. The adder bites you.
You are poisoned.
The adder poisons you! Pargi bites you but does no damage.
Pargi claws you but does no damage. x2
You hit Pargi.
Pargi is moderately wounded.
You feel very sick. The adder completely misses you. Pargi bites you.
* * * LOW HITPOINT WARNING * * *
Pargi claws you.
* * * LOW HITPOINT WARNING * * *
Pargi claws you but does no damage. The adder bites you but does no damage.
You are too injured to fight recklessly!
You are too injured to fight recklessly!
You are too injured to fight recklessly!
You closely miss Pargi.
Pargi is moderately wounded.
* * * LOW HITPOINT WARNING * * *
You feel sick. The adder closely misses you. Pargi closely misses you. x3
Pargi barely misses you. Pargi completely misses you. Pargi barely misses you.
The adder bites you but does no damage.
You puncture Pargi!
Pargi is heavily wounded.
* * * LOW HITPOINT WARNING * * *
You feel sick. The adder bites you but does no damage. Pargi barely misses you.
Pargi claws you but does no damage. x2
You puncture Pargi! You bite Pargi.
Pargi is severely wounded.
* * * LOW HITPOINT WARNING * * *
You feel sick. The adder closely misses you. Pargi barely misses you.
Pargi claws you but does no damage. x2; The adder barely misses you.
Pargi bites you.
* * * LOW HITPOINT WARNING * * *
Pargi claws you but does no damage. x2
You closely miss Pargi.
Pargi is severely wounded.
You die...

###.~≈≈≈≈≈≈
###..~≈≈≈≈≈≈#
#....≈≈≈≈≈≈≈≈ #
##.#~~≈≈≈≈≈≈≈≈ ~.
#.~.≈≈≈≈≈≈≈≈≈≈ ≈≈.#
#~≈≈≈≈≈≈≈≈≈≈≈# ≈≈≈~.
####~≈≈≈≈≈≈≈≈≈≈≈#
≈≈≈≈≈.##S#~≈≈≈≈≈≈≈≈≈≈≈≈#
≈≈≈≈≈≈~~T@≈≈≈≈≈≈≈≈≈≈≈≈##
≈≈≈≈≈≈≈≈≈≈≈≈≈≈≈≈≈≈≈≈≈≈#
≈≈≈≈≈≈≈≈≈≈≈≈≈≈≈≈≈≈≈≈
≈≈≈≈≈≈≈≈≈≈≈≈≈≈≈≈≈≈≈
≈≈≈≈≈≈≈≈≈≈≈≈≈≈≈≈≈≈≈
≈≈≈≈≈≈≈≈≈≈≈≈≈≈≈≈≈≈≈
≈≈≈≈≈≈≈≈≈≈≈≈≈≈≈≈≈#
##≈≈##≈########≈#


You could see Pargi and an adder.

Vanquished Creatures
  An adder (D:3)
  2 river rats (D:3)
  2 worms (D:3)
  4 endoplasms
  2 giant cockroaches (D:3)
  6 goblins
  6 hobgoblins
  3 quokkas (D:1)
  5 ball pythons
  5 bats
  3 frilled lizards
  3 kobolds
  4 rats
46 creatures vanquished.

Notes
Turn   | Place    | Note
-------+----------+-------------------------------------------
     0 | D:1      | CowFu the Demonspawn Gladiator began the quest for the Orb.
     0 | D:1      | Reached XP level 1. HP: 16/16 MP: 1/1
   217 | D:1      | Reached skill level 3 in Polearms
   293 | D:1      | Gained mutation: You regenerate magic rapidly. [demonic
                  | ancestry]
   293 | D:1      | Reached XP level 2. HP: 7/22 MP: 2/2
  1138 | D:2      | Reached XP level 3. HP: 27/27 MP: 3/3
  1256 | D:2      | Identified the +6 dagger of Checks and Balances {heavy,
                  | Int+3}
  1394 | D:2      | Reached skill level 4 in Polearms
  1481 | D:2      | You fall into a shaft and drop 1 floor!
  1535 | D:3      | Found a glowing drain.
  1584 | D:3      | HP: 1/27 [river rat (1)]
  1592 | D:3      | Gained mutation: When seriously injured, your blood forms
                  | armour. (AC +6) [demonic ancestry]
  1592 | D:3      | Reached XP level 4. HP: 12/33 MP: 4/4
  1598 | D:3      | Gained mutation: You have very sharp teeth. [potion of
                  | mutation]
  1623 | Sewer    | Entered a sewer
  1643 | Sewer    | Noticed Pargi
  1651 | Sewer    | HP: 1/33 [Pargi (1)]
  1652 | Sewer    | Succumbed to an adder's poison

Illustrated notes

Levels and vault maps discovered:
D:1:      grunt_arrival_lava_bath, layout_loops_corners,
          dreamdust_princess_bridge, chequers_serial_rivers_micro_c
D:2:      layout_rooms
D:3:      layout_basic, portal_sewer_entry_a, kennysheep_orc_chapel
Sewer:    sewer_co_pargi_island

Skill      XL: |  1  2  3 |
---------------+----------+-----
Polearms       | 3 4 |  4.6
Fighting       | |  2.0
Throwing       | |  1.7
Dodging        | |  2.6

Action                     |  1- 3 |  4- 6 || total
---------------------------+-------+-------++-------
  Melee: Trident           |   107 |       ||   107
         Punch             |     1 |       ||     1
         Dagger            |    35 |    18 ||    53
         Bite              |       |     2 ||     2
    Use: Potion            |     2 |     2 ||     4
         Scroll            |     2 |       ||     2
   Stab: Sleeping          |     3 |       ||     3
 Armour: Leather armour    |    39 |    17 ||    56
  Dodge: Dodged            |    70 |    28 ||    98

Table legend: (Time is in decaauts)
 A = Elapsed time spent in this place.
 B = Non-inter-level travel time spent in this place.
 C = Inter-level travel time spent in this place.
 D = Time resting spent in this place.
 E = Time spent auto-exploring this place.
 F = Levels seen in this place.
 G = Mean time per level.
                   A        B        C        D        E       F      G
               +--------+--------+--------+--------+--------+-----+--------+
         Total |   1695 |   1595 |    100 |      0 |   1128 |   4 |  423.8 |
       Dungeon |   1659 |   1559 |    100 |      0 |   1128 |   3 |  553.0 |
         Sewer |     35 |     35 |      0 |      0 |      0 |   1 |   35.0 |
               +--------+--------+--------+--------+--------+-----+--------+

Top non-repeatable levels by time:
     D:1: 1131 daAuts
     D:2: 363 daAuts
     D:3: 164 daAuts
   Sewer: 35 daAuts
